 Dungeon Crawl Stone Soup version 0.24.0 (webtiles) character file.

Game seed: 2459626451660706683, levelgen mode: deterministic

110 Buxparty the Sneak (level 4, -9/21 HPs)
             Began as a Spriggan Enchanter on Jan 26, 2020.
             Mangled by Crazy Yiuf
             ... wielding a +2 quarterstaff of chaos
              (20 damage)
             ... on level 2 of the Dungeon.
             The game lasted 00:03:28 (1184 turns).

Buxparty the Sneak (Spriggan Enchanter)             Turns: 1184, Time: 00:03:29

Health: -9/21      AC:  2    Str:  4    XL:     4   Next: 61%
Magic:  19/19      EV: 19    Int: 17    God:
Gold:   63         SH:  0    Dex: 16    Spells: 6/9 levels left

rFire    . . .     SeeInvis +   a - +1 dagger
rCold    . . .     Gourm    .   (shield restricted)
rNeg     . . .     Faith    .   b - +0 robe
rPois    .         Spirit   .   (helmet restricted)
rElec    .         Reflect  .   (no cloak)
rCorr    .         Harm     .   (gloves unavailable)
MR       .....                  (boots unavailable)
Stlth    +++.......             (no amulet)
HPRegen  0.07/turn              f - +5 ring of slaying
MPRegen  0.16/turn              n - ring of magical power

@: very quick
A: very small, unfitting armour, see invisible, herbivore, speed 3, slow
metabolism 2
a: no special abilities


You were on level 2 of the Dungeon.
You were not hungry.

You visited 1 branch of the dungeon, and saw 2 of its levels.

You collected 63 gold pieces.

Inventory:

Hand Weapons
 a - a +1 dagger (weapon)
 g - a +0 hunting sling
Missiles
 l - 12 poisoned darts (quivered)
 m - 16 sling bullets
Armour
 b - a +0 robe (worn)
Jewellery
 f - a +5 ring of slaying (left hand)
 n - a ring of magical power (right hand)
Scrolls
 c - a scroll of fog {unknown}
 e - a scroll of amnesia {unknown}
 h - a scroll of teleportation {unknown}
 j - 5 scrolls of identify {unknown}
 k - 2 scrolls of remove curse {unknown}
Potions
 i - a potion of haste {unknown}
Comestibles
 d - 3 rations


   Skills:
 + Level 2.2 Short Blades
 + Level 1.5 Slings
 + Level 4.0 Dodging
 + Level 5.3 Stealth
 + Level 3.4 Spellcasting
 + Level 4.1 Hexes


You had 6 spell levels left.
You knew the following spells:

 Your Spells              Type           Power        Failure   Level  Hunger
a - Corona                Hex            ###....      3%          1    None
b - Ensorcelled Hibernat  Hex/Ice        ##....       11%         2    ##.....

Your spell library contained the following spells:

 Spells                   Type           Power        Failure   Level  Hunger
 Confuse                  Hex            ###.....     9%          3    ###....
 Tukima's Dance           Hex            ###.....     9%          3    ###....
 Dazzling Spray           Conj/Hex       ##....       22%         3    ###....


Dungeon Overview and Level Annotations

Branches:
Dungeon (2/15)

Altars:
Makhleb

Annotations:
D:2 Crazy Yiuf


Innate Abilities, Weirdness & Mutations

You are very small and have problems with some larger weapons.
You are too small for most types of armour.
You have supernaturally acute eyesight. (SInv)
You are a herbivore.
You cover ground extremely quickly.
You need to consume almost no food.


Message History

Crazy Yiuf shouts!
You hit Crazy Yiuf.
Crazy Yiuf is lightly wounded.
Crazy Yiuf grits, "Dawk!
Spliff hand horse."
Crazy Yiuf misses you.
You hit Crazy Yiuf.
Crazy Yiuf is moderately wounded.
Crazy Yiuf misses you.
You closely miss Crazy Yiuf.
Crazy Yiuf is moderately wounded.
Crazy Yiuf completely misses you.
You barely miss Crazy Yiuf.
Crazy Yiuf is moderately wounded.
Crazy Yiuf barely misses you.
You hit Crazy Yiuf but do no damage.
Crazy Yiuf is moderately wounded.
Crazy Yiuf hits you with a +2 quarterstaff of chaos!
You are electrocuted!!
Ouch! That really hurt!
You die...

♣♣♣♣♣###
#####♣♣♣.♣....##
#...#♣..♣..P...####
#g@.'.♣♣♣♣.........
#)..#♣♣ ♣♣....#.#.
##### ♣♣##.#.#.
#..... #.#.#.
####.#.## #......#.
#..#.###. #..#.....


You could see Crazy Yiuf.

Vanquished Creatures
  2 orc priests (D:2)
  A gnoll (D:1)
  An adder skeleton (D:2)
  An orc (D:2)
  A bat (D:2)
  3 giant cockroaches
  7 goblins
  6 hobgoblins (D:1)
  3 jackals (D:2)
  A quokka (D:2)
  A ball python (D:2)
  A frilled lizard (D:2)
  6 kobolds (D:1)
  A rat (D:1)
35 creatures vanquished.

Notes
Turn   | Place    | Note
-------+----------+-------------------------------------------
     0 | D:1      | Buxparty the Spriggan Enchanter began the quest for the
                  | Orb.
     0 | D:1      | Reached XP level 1. HP: 9/9 MP: 5/5
   205 | D:1      | Reached XP level 2. HP: 13/13 MP: 6/6
   209 | D:1      | Learned a level 2 spell: Ensorcelled Hibernation
   377 | D:1      | Reached XP level 3. HP: 16/16 MP: 5/8
   475 | D:1      | Reached skill level 5 in Stealth
   795 | D:2      | Reached skill level 1 in Slings
   800 | D:2      | Reached XP level 4. HP: 21/21 MP: 5/10
  1114 | D:2      | Found a burning altar of Makhleb.
  1172 | D:2      | Found a runed translucent door.
  1173 | D:2      | Noticed Crazy Yiuf
  1184 | D:2      | Mangled by Crazy Yiuf

Levels and vault maps discovered:
D:1:      shiori_arrival_oz, layout_loops_ring, minmay_misc_feat_tiny,
          hangedman_decor_riveting, minmay_split_cup_large
D:2:      layout_basic, lemuel_crystal_altar, st_stairs_8,
          uniq_crazy_yiuf_cottage
